Map: Dusk Towers

Players

danyneufdeux - Winner!

  • Race: Terran Terran
  • League: Gold

capac

  • Race: Terran Terran
  • League: Gold

VOD

Have the link to the VOD?

Description

Time

  • Played on: March 4, 2016, 5:19 p.m.
  • Length: 17:03
Show
View Real Time Build Order
Export as new Build Order

danyneufdeux Terran - Winner!

Build Orders: Liberator Opening, Mech 

Get SALT Encoding   

  12  0:00  SCV  
  13  0:13  SCV  
  14  0:19  Supply Depot  
  15  0:35  SCV  
  15  0:41  Barracks  
  15  0:49  SCV  
  16  0:54  Refinery  
  16  1:01  SCV  
  17  1:13  SCV  
  18  1:23  Command Center  
  18  1:26  SCV  
  18  1:30  Marine  
  20  1:38  Supply Depot  
  20  1:46  Orbital Command  
  20  1:49  Marine  
  21  2:20  Marine  
  21  2:22  SCV  
  23  2:31  Refinery  
  23  2:33  Factory  
  23  2:34  SCV  
  24  2:38  Marine  
  24  2:43  Orbital Command  
  25  2:46  SCV  
  26  2:56  Barracks Reactor  
  26  2:58  SCV  
  27  3:14  SCV  
  27  3:15  SCV  
  29  3:20  Starport  
  29  3:23  Widow Mine  
  29  3:26  SCV  
  29  3:27  SCV  
  33  3:28  Refinery  
  33  3:34  Marine x2  
  35  3:43  SCV x2  
  37  3:50  Liberator  
  37  3:53  Supply Depot  
  38  3:55  SCV x2  
  38  3:57  Marine x2  
  38  4:00  Factory Tech Lab  
  41  4:06  Factory  
  44  4:12  SCV x2  
  44  4:15  Refinery  
  44  4:16  Engineering Bay  
  44  4:17  Marine x2  
  46  4:21  Hellion  
  46  4:22  Infernal Pre-Igniter  
  50  4:24  SCV x2  
  52  4:34  Marine  
  52  4:35  Marine  
  54  4:49  Supply Depot  
  54  5:03  Factory Reactor  
  54  5:06  Factory  
  54  5:10  Marine x2, Siege Tank, SCV x2  
  54  5:11  Supply Depot  
  61  5:19  Command Center  
  61  5:23  SCV x2  
  61  5:27  Supply Depot, Starport Reactor  
  63  5:36  Marine x2, Armory  
  65  5:50  Supply Depot  
  65  5:59  Marine  
  65  6:00  Marine  
  65  6:03  Hellion x2  
  65  6:04  Hellion x2  
  75  6:17  Marine x2  
  73  6:24  Hellion  
  73  6:25  Hellion x2  
  60  6:42  SCV x2  
  60  6:45  Orbital Command  
  63  6:54  SCV x2  
  66  7:03  Hellion x2  
  66  7:04  Hellion x2  
  66  7:06  SCV x2  
  74  7:10  Marine x2  
  74  7:13  SCV  
  77  7:18  Supply Depot, SCV x2  
  79  7:24  Liberator x2, Hellion x2  
  79  7:25  Hellion, SCV  
  86  7:30  SCV  
  93  7:49  Starport, SCV x3  
  96  7:56  Hellion x14  
  96  7:59  Terran Vehicle Weapons Level 1  
  96  8:01  SCV x2  
  96  8:03  SCV, Armory  
  99  8:07  Refinery, Liberator x2  
  99  8:09  Refinery  
  99  8:13  SCV x2  
  99  8:15  SCV  
  102  8:20  Factory Tech Lab  
  102  8:21  Siege Tank  
  102  8:24  Hellion x2  
  102  8:25  Starport  
  115  8:36  SCV x2  
  117  8:46  Starport Tech Lab  
  117  8:51  Supply Depot  
  117  8:54  Command Center  
  117  8:55  Supply Depot  
  77  9:02  Liberator  
  117  9:03  Liberator  
  117  9:12  Siege Tank, SCV, Hellion x2  
  117  9:13  Supply Depot  
  117  9:14  Starport Reactor  
  125  9:17  SCV  
  125  9:18  Supply Depot  
  125  9:22  Marine  
  133  9:35  Supply Depot, Marine, SCV x3, Raven  
  139  9:41  Supply Depot  
  139  9:47  SCV  
  139  9:49  Supply Depot  
  139  9:51  SCV x2  
  142  9:59  SCV  
  143  10:06  Terran Vehicle Weapons Level 2, Command Center  
  143  10:08  Terran Vehicle And Ship Armor Level 1  
  143  10:10  Supply Depot  
  143  10:21  Liberator  
  143  10:22  Liberator x2  
  143  10:23  Liberator  
  139  10:31  SCV x3  
  139  10:33  Supply Depot  
  154  10:43  SCV  
  154  10:44  Viking  
  157  10:53  Siege Tank x2  
  157  10:55  Hellion x2  
  167  10:58  Orbital Command  
  167  11:07  Liberator x2  
  167  11:08  Liberator  
  167  11:14  Viking  
  167  11:17  Hellion x2  
  182  11:25  Siege Tank x2  
  188  11:50  Marine x2  
  190  11:55  Orbital Command  
  190  11:57  Thor  
  190  11:58  Refinery  
  190  12:01  Refinery  
  196  12:02  Terran Ship Weapons Level 1  
  196  12:05  Orbital Command  
  196  12:08  Marine  
  177  12:37  Hellion x3  
  177  12:39  Liberator  
  177  12:41  Hellion  
  179  12:47  Terran Vehicle Weapons Level 3  
  179  12:48  Factory x3  
  179  12:53  Raven  
  190  12:58  Hellion x3  
  190  13:02  Hellion  
  192  13:13  SCV x2  
  192  13:14  SCV x3  
  199  13:20  Hellion  
  199  13:25  SCV  
  200  13:34  Command Center  
  198  13:56  Terran Vehicle And Ship Armor Level 2  
  195  14:27  Viking x2  
  199  14:43  Factory Tech Lab, Factory Reactor  
  199  14:44  Factory Tech Lab  
  199  14:51  Starport  
  199  14:56  Orbital Command  
  199  14:59  SCV  
  200  15:05  Refinery  
  198  15:08  Refinery  
  198  15:11  Refinery  
  186  15:28  Starport, Liberator x4  
  186  15:33  Hellion x7  
  193  17:01  Refinery  
Show
View Real Time Build Order
Export as new Build Order

capac Terran 

Build Orders:  

Get SALT Encoding   

  12  0:01  SCV  
  13  0:13  SCV  
  14  0:18  Supply Depot  
  14  0:26  SCV  
  15  0:39  SCV  
  15  0:42  Barracks  
  16  0:45  Refinery  
  16  0:51  SCV  
  17  1:03  SCV  
  18  1:16  SCV  
  19  1:28  SCV  
  19  1:30  Barracks Reactor  
  20  1:37  Command Center  
  20  1:40  SCV  
  21  1:54  Supply Depot  
  21  1:56  Orbital Command  
  21  2:07  Marine x2  
  22  2:24  SCV  
  23  2:30  Marine  
  23  2:36  Factory, Barracks  
  24  2:40  Refinery  
  24  2:41  SCV  
  25  2:50  Marine  
  25  2:51  Marine  
  27  3:00  Engineering Bay  
  27  3:06  Orbital Command  
  27  3:09  SCV  
  28  3:14  Marine x2  
  30  3:22  Starport  
  30  3:24  Factory Reactor  
  30  3:27  Barracks Tech Lab  
  30  3:30  SCV  
  31  3:35  Marine  
  31  3:37  Marine  
  31  3:40  SCV  
  34  3:42  SCV  
  35  3:50  Missile Turret  
  35  3:56  Missile Turret  
  35  3:57  Marine x2  
  37  4:10  Medivac  
  37  4:14  Marine x2  
  37  4:16  Stimpack  
  41  4:17  Marine  
  41  4:20  Supply Depot, SCV x2  
  44  4:25  Factory Tech Lab  
  44  4:32  Marine x2  
  46  4:41  Marine  
  46  4:42  Supply Depot, SCV x2  
  46  4:45  Siege Tank  
  52  4:47  Medivac  
  54  4:58  Medivac  
  56  5:06  Supply Depot  
  56  5:07  SCV x2  
  56  5:08  Marine x2  
  56  5:09  Marine  
  61  5:19  SCV x2  
  61  5:21  Refinery  
  59  5:52  Viking x2  
  38  6:46  SCV x2  
  40  6:48  Viking x2  
  40  6:49  Marine x3, Siege Tank  
  50  6:58  SCV  
  50  6:59  SCV  
  52  7:03  Terran Infantry Weapons Level 1  
  52  7:07  Marine x2  
  54  7:11  SCV x2  
  56  7:16  Missile Turret  
  56  7:19  Refinery  
  56  7:23  SCV x2  
  56  7:25  Marine x3  
  56  7:27  Medivac  
  62  7:43  Siege Tank  
  65  8:00  Medivac  
  65  8:01  Medivac  
  65  8:02  Marine x3  
  65  8:04  SCV x2  
  74  8:25  Siege Tank  
  77  8:36  Command Center  
  77  8:38  Barracks  
  77  8:40  Barracks  
  77  8:49  Marine  
  77  8:54  Marine x2  
  77  8:55  Supply Depot, Medivac x2  
  84  8:56  Supply Depot  
  84  9:23  Supply Depot  
  84  9:24  Marine x3  
  85  9:25  Supply Depot  
  85  9:27  Siege Tank  
  85  9:31  Barracks Reactor x2  
  90  9:37  Starport  
  90  9:43  Liberator  
  90  9:54  Marine x3  
  96  10:12  Marine x2  
  98  10:16  Starport Reactor  
  98  10:21  Supply Depot  
  98  10:22  Starport  
  98  10:24  Supply Depot  
  98  11:03  Orbital Command  
  98  11:07  Starport Reactor  
  98  11:09  Supply Depot  
  98  11:25  Command Center  
  98  11:28  Supply Depot  
  98  11:29  Barracks  
  98  11:36  SCV x3  
  101  11:45  Armory  
  101  11:46  Supply Depot  
  101  11:50  Marine x2  
  101  11:51  Marine  
  104  11:59  Viking  
  106  12:03  Viking  
  108  12:21  Barracks Reactor  
  108  12:24  Viking  
  100  12:35  Marine x6  
  100  12:36  Marine  
  104  12:47  Viking x2  
  108  12:52  Marine  
  108  12:53  Marine x4  
  113  13:00  SCV  
  113  13:01  SCV  
  113  13:02  SCV  
  116  13:37  Marine x2  
  116  13:38  Refinery, Marine x4  
  116  13:39  Marine  
  123  13:42  Refinery  
  123  13:47  Combat Shields  
  123  13:55  Marine x3  
  124  13:56  Marine x3  
  124  13:57  Marine  
  130  14:03  Viking x5  
  136  14:23  Marine x6  
  136  14:24  Marine  
  143  14:40  Marine  
  143  14:41  Marine x5  
  143  14:42  Marine  
  150  14:48  Siege Tank  
  150  14:51  SCV x2  
  155  14:58  Marine x2  
  151  15:50  Viking x2  
  151  15:51  Viking x3  
Tags
 
Composition
Mech
League
GoldGold
Matchup
TvT
Race
Terran
Add a new tag
Caveats
  • Supply blocks, unpowered buildings, or Contaminate may cause inaccurate times.
  • Supply counts are checked every 10 seconds.